 Dungeon Crawl Stone Soup version 0.29-a0-834-g1e95ca9f62 (webtiles) character file.

Game seed: 13581477421505461582

10495 buhh the Nimble (level 11, -3/63 HPs)
             Began as a Spriggan Transmuter on July 13, 2022.
             Was a Follower of Ashenzari.
             Slain by an ice devil (15 damage)
             ... in an ice cave.
             The game lasted 00:36:55 (18124 turns).

buhh the Nimble (Spriggan Transmuter)              Turns: 18124, Time: 00:36:56

Health: -3/63      AC:  2    Str:  9    XL:     11   Next: 36%
Magic:  17/17      EV: 22    Int: 24    God:    Ashenzari [*.....]
Gold:   755        SH:  0    Dex: 15    Spells: 6/16 levels left

rFire   + . .      SeeInvis +   C - +12 dagger "Per Aspera Ad Scientiam" {spect, rN+ Str+3 Int+4, Bglg, Alch} (curse)
rCold   . . .      Faith    .   (no shield)
rNeg    + . .      Spirit   .   A - +0 robe "Sibylline Fetters" {Archmagi, Alch, Self} (curse)
rPois   .          Reflect  .   (helmet restricted)
rElec   .          Harm     .   (no cloak)
rCorr   .          Rampage  .   (gloves unavailable)
Will    +....      Archmagi +   (boots unavailable)
Stlth   ++........              (no amulet)
HPRegen 0.20/turn               B - +4 ring of slaying
MPRegen 0.15/turn               K - ring of protection from fire

@: very quick
A: very small, no large weapons, unfitting armour, see invisible, speed 3
a: Renounce Religion, Shatter the Chains


You were in an ice cave.
You worshipped Ashenzari.
Ashenzari was aware of your devotion.
You visited 2 branches of the dungeon, and saw 12 of its levels.
You also visited: Ossuary and Ice Cave.

You collected 821 gold pieces.
You spent 66 gold pieces at shops.

Inventory:

Hand Weapons
 C - the cursed +12 dagger "Per Aspera Ad Scientiam" (weapon) {spect, rN+ Str+3 Int+4, Bglg, Alch}
   (You found it on level 9 of the Dungeon)

   When its wielder attacks, the weapon's spirit leaps out and strikes again.
   The spirit shares a part of any damage it takes with its wielder.
   Str:       It affects your strength (+3).
   Int:       It affects your intelligence (+4).
   rN:        It protects you from negative energy.
   It has a curse which improves the following skills: Beguiling: Conjurations,
   Hexes and Translocations.
   Alchemy:   Poison Magic and Transmutations.
Missiles
 e - 5 curare-tipped darts
 J - 26 poisoned darts
Armour
 A - the cursed +0 robe "Sibylline Fetters" (worn) {Archmagi, Alch, Self}
   (You took it off a wight on level 8 of the Dungeon)

   It has a curse which improves the following skills: Alchemy: Poison Magic and
   Transmutations.
   Introspection: Fighting and Spellcasting.
Jewellery
 x - a ring of positive energy
 B - a +4 ring of slaying (left hand)
 I - a +6 ring of strength
 K - a ring of protection from fire (right hand)
 L - a ring of protection from fire
Wands
 i - a wand of polymorph (15)
 D - a wand of mindburst (5)
 E - a wand of flame (12)
Scrolls
 a - 2 scrolls of identify {!d}
 b - 2 scrolls of blinking {!d}
 c - a scroll of teleportation {!d!d}
 d - a scroll of magic mapping {!d}
 f - a scroll of fog
 g - a scroll of amnesia
 h - 2 scrolls of enchant armour
 j - 4 scrolls of noise
 k - a scroll of torment
 l - 2 scrolls of immolation {!r}
 n - 3 scrolls of vulnerability
 z - a scroll of fear {!d}
 F - 2 scrolls of brand weapon
Potions
 m - a potion of might
 o - a potion of mutation {!q!d}
 p - a potion of invisibility {!d}
 q - 2 potions of magic {!d}
 r - 2 potions of cancellation {!q!d}
 s - 4 potions of resistance {!d}
 t - a potion of brilliance {!d}
 u - 2 potions of ambrosia {!d}
 v - a potion of curing {!d}
 w - a potion of heal wounds {!d}
 y - a potion of haste {!q}
 G - 2 potions of degeneration
 H - 6 potions of attraction
 Z - 5 potions of flight


   Skills:
 * Level 9.3(10.2) Fighting
 - Level 10.0 Dodging
 - Level 2.0 Stealth
 + Level 8.7 Unarmed Combat
 - Level 2.6(3.4) Spellcasting
 - Level 7.2(8.5) Transmutations
 - Level 4.0 Ice Magic
 - Level 1.0(1.8) Poison Magic


You had 6 spell levels left.
You knew the following spells:

 Your Spells              Type           Power      Damage    Failure   Level
a - Beastly Appendage     Tmut           100%       N/A       1%          1
b - Wereblood             Tmut           61%        N/A       1%          2
c - Spider Form           Tmut/Pois      43%        N/A       3%          3
d - Ice Form              Ice/Tmut       50%        N/A       8%          4

Your spell library contained the following spells:

 Spells                   Type           Power      Damage    Failure   Level
 Blink                    Tloc           12%        N/A       16%         2
 Scorch                   Fire           12%        2d6       16%         2
 Inner Flame              Hex/Fire       6%         N/A       30%         3
 Stone Arrow              Conj/Erth      12%        3d7       30%         3
 Cause Fear               Hex            3%         N/A       69%         4
 Animate Armour           Summ/Erth      12%        N/A       71%         4
 Flame Wave               Conj/Fire      6%         2d5       71%         4
 Manifold Assault         Tloc           6%         N/A       95%         5
 Summon Cactus Giant      Summ           3%         N/A       100%        6
 Storm Form               Tmut/Air       18%        N/A       100%        7
 Discord                  Hex            3%         N/A       100%        8
 Lehudib's Crystal Spear  Conj/Erth      3%         10d2      100%        8


Dungeon Overview and Level Annotations

Branches:
Dungeon (11/15) Zot: 26801  Temple (1/1) D:5 Zot: 5652    Lair (0/6) D:11
    Orc (0/2) D:9         Ossuary (visited)           IceCv (1/1) Zot: 5814

Altars:
Ashenzari
Cheibriados
Dithmenos
Elyvilon
Fedhas
Gozag
Hepliaklqana
Kikubaaqudgha
Makhleb
Nemelex Xobeh
Okawaru
Qazlal
Ru
Sif Muna
Trog
Uskayaw
Vehumet
Wu Jian
Xom
Yredelemnul
Zin
The Shining One

Shops:
D:1 (   D:2 ?**   D:5 =   D:8 [   D:9 =

Annotations:
D:4 exclusions: orc and 2 orc priests
D:6 exclusion: 2 downstairs
D:7 Joseph, Maggie
D:8 1 runed translucent door, blackman's ghost, novice HuDe IceCv exclusion: 2 ice statues


Innate Abilities, Weirdness & Mutations

You are very small and have problems with some larger weapons.
You are too small for most types of armour.
You have supernaturally acute eyesight. (SInv)
You cover ground extremely quickly. (Speed+++)


Message History

You hit the ice devil but do no damage.
The ice devil is lightly wounded.
The ice devil hits you! The ice devil freezes you. You resist.
You hit the ice devil but do no damage.
The ice devil is lightly wounded.
The ice devil barely misses you.
You hit the ice devil but do no damage.
The ice devil is lightly wounded.
The ice devil hits you but does no damage.
You hit the ice devil but do no damage.
The ice devil is lightly wounded.
The ice devil completely misses you.
You hit the ice devil but do no damage.
The ice devil is lightly wounded.
You hit the ice devil but do no damage.
The ice devil is lightly wounded.
The ice devil hits you. The ice devil freezes you. You resist.
You barely miss the ice devil.
The ice devil is lightly wounded.
The ice devil hits you. The ice devil freezes you. You resist.
You hit the ice devil.
The ice devil is moderately wounded.
The ice devil misses you.
You hit the ice devil but do no damage.
The ice devil is moderately wounded.
The ice devil closely misses you.
You hit the ice devil but do no damage.
The ice devil is lightly wounded.
You hit the ice devil.
The ice devil is moderately wounded.
The ice devil hits you!
* * * LOW HITPOINT WARNING * * *
The ice devil freezes you. You resist.
* * * LOW HITPOINT WARNING * * *
You warm up again.
The cursed +12 dagger "Per Aspera Ad Scientiam" {spect, rN+ Str+3 Int+4, Bglg, Alch} unmelds from your body.
The cursed +0 robe "Sibylline Fetters" {Archmagi, Alch, Self} unmelds from your body.
You feel a bond with the cursed +12 dagger "Per Aspera Ad Scientiam" {spect, rN+ Str+3 Int+4, Bglg, Alch}.
You feel powerful. The ice devil hits you!
You die...

##### ##.....
##....... #........
#### 8........
##..########........
##....##..##.........
#........@4..........
#..∩∩.............⌠.Z
#.......##...........
##....######.........
##..## ##........
#### 8........
#........ ##.......
#..


You could see an ice devil.

Vanquished Creatures
  2 two-headed ogres (D:10)
  Pikel (D:7)
  A komodo dragon (D:10)
  2 rime drakes (D:11)
  An unseen horror (D:11)
  2 ice devils (IceCv)
  2 wraiths
  8 yaks
  A vampire (D:11)
  A wyvern (D:9)
  4 steam dragons
  10 vampire mosquitoes
  A warg (D:9)
  2 water moccasins
  An ice beast (D:8)
  2 black bears (D:6)
  3 orc warriors
  3 ogres
  3 lemures (D:6)
  A phantom (D:6)
  2 kobold brigands
  2 bullfrogs (D:8)
  A two-headed ogre simulacrum (IceCv)
  A scorpion (D:6)
  8 wights (D:8)
  10 killer bees
  3 howler monkeys (D:8)
  A jelly (D:5)
  9 orc priests
  3 hounds
  A gnoll bouda (D:7)
  4 iguanas (D:6)
  13 orc wizards
  A troll simulacrum (IceCv)
  9 mummies
  5 gnolls (D:6)
  6 adders
  3 white imps
  2 ufetubi
  2 worms
  2 dart slugs
  36 orcs
  8 ball pythons
  8 bats
  4 endoplasms
  3 giant cockroaches
  5 goblins
  5 hobgoblins
  2 jackals (D:2)
  4 quokkas
  3 frilled lizards
  A gnoll zombie (Ossuary)
  2 hobgoblin zombies (Ossuary)
  17 kobolds
  3 kobold zombies (Ossuary)
  2 orc zombies (Ossuary)
  7 rats
249 creatures vanquished.

Vanquished Creatures (others)
  An orc (D:6)
  3 fungi (D:8)
  3 plants (D:8)
7 creatures vanquished.

Grand Total: 256 creatures vanquished

Notes
Turn   | Place    | Note
-------+----------+-------------------------------------------
     0 | D:1      | buhh the Spriggan Transmuter began the quest for the Orb.
     0 | D:1      | Reached XP level 1. HP: 9/9 MP: 5/5
   413 | D:1      | Reached skill level 1 in Fighting
   415 | D:1      | Reached skill level 3 in Dodging
   529 | D:1      | Reached XP level 2. HP: 10/14 MP: 4/6
   804 | D:1      | Found Xeger's Weapon Boutique.
   814 | D:1      | Learned a level 2 spell: Wereblood
  1031 | D:1      | Found a faded altar of an unknown god.
  2085 | D:2      | Reached XP level 3. HP: 18/18 MP: 6/8
  2241 | D:2      | Learned a level 3 spell: Spider Form
  2265 | D:2      | Found Ykhlexiha's Assorted Antiques.
  2288 | D:2      | Found Ynoukic's Assorted Antiques.
  2291 | D:2      | Bought a scroll labelled MIPSON ISARIALL for 23 gold pieces
  2291 | D:2      | Bought a scroll labelled HOCVUN YFOVOIG for 23 gold pieces
  2291 | D:2      | Bought a pink potion for 20 gold pieces
  2467 | D:2      | Found Boops's Magic Scroll Shoppe.
  3107 | D:3      | Reached XP level 4. HP: 22/22 MP: 6/9
  3203 | D:3      | Reached skill level 1 in Poison Magic
  3790 | D:4      | Reached skill level 4 in Dodging
  4761 | D:4      | Reached XP level 5. HP: 22/25 MP: 5/10
  5042 | D:4      | Reached skill level 5 in Dodging
  5243 | D:4      | You fall into a shaft and drop 1 floor!
  5243 | D:5      | Entered Level 5 of the Dungeon
  5251 | D:5      | Found Atuad's Jewellery Boutique.
  5517 | D:5      | Found a sand-covered staircase.
  5567 | Ossuary  | Entered an ossuary
  5633 | Ossuary  | Reached XP level 6. HP: 30/30 MP: 7/11
  5642 | Ossuary  | Reached skill level 6 in Dodging
  6994 | D:5      | Found a staircase to the Ecumenical Temple.
  6999 | Temple   | Entered the Ecumenical Temple
  7356 | Temple   | Became a worshipper of Ashenzari the Shackled
  7593 | D:5      | Reached skill level 7 in Dodging
  7681 | D:5      | Reached XP level 7. HP: 11/33 MP: 6/12
  8185 | D:5      | Found a basalt altar of Yredelemnul.
  8294 | D:5      | Found a shimmering blue altar of Sif Muna.
  8312 | D:5      | Reached skill level 8 in Dodging
  9178 | D:6      | Reached skill level 9 in Dodging
  9475 | D:6      | Found a glowing golden altar of the Shining One.
  9620 | D:6      | Reached XP level 8. HP: 33/37 MP: 13/13
  9931 | D:6      | Reached skill level 5 in Unarmed Combat
 10178 | D:6      | Reached skill level 1 in Ice Magic
 10644 | D:7      | Noticed Joseph
 10733 | D:6      | Reached skill level 5 in Transmutations
 10740 | D:6      | Reached skill level 10 in Dodging
 11057 | D:6      | Learned a level 4 spell: Ice Form
 11817 | D:6      | Reached skill level 1 in Stealth
 12314 | D:6      | Reached XP level 9. HP: 33/41 MP: 11/14
 12653 | D:7      | Noticed Maggie
 12749 | D:7      | Noticed Pikel
 12768 | D:7      | Killed Pikel
 12781 | D:7      | Identified the cursed +0 robe of Ashenzari's Burden {Bglg,
                  | Melee}
 13219 | D:8      | Noticed blackman's ghost (novice HuDe)
 13220 | D:8      | Found a runed translucent door.
 13238 | D:8      | Found a stormy altar of Qazlal.
 13244 | D:8      | Found a blossoming altar of Fedhas.
 13256 | D:8      | Found Piorenn's Armour Shop.
 13264 | D:8      | Found an opulent altar of Gozag.
 13457 | D:8      | Reached skill level 5 in Fighting
 13519 | D:8      | Identified the +7 falchion "Bour" {antimagic, rPois rCorr
                  | Dex+4 Stlth-}
 13577 | D:8      | Reached XP level 10. HP: 36/50 MP: 10/15
 14092 | D:8      | Reached * piety under Ashenzari
 14583 | D:9      | Found Isha's Jewellery Shoppe.
 14745 | D:9      | Found a staircase to the Orcish Mines.
 14750 | D:9      | Identified the +12 dagger "Exieshra" {spect, rN+ Str+3
                  | Int+4}
 14946 | D:9      | Found a hide-covered altar of Uskayaw.
 15167 | D:9      | Found an iron altar of Okawaru.
 15190 | D:9      | Found a snail-covered altar of Cheibriados.
 15427 | D:10     | Entered Level 10 of the Dungeon
 15828 | D:10     | Noticed a two-headed ogre
 16206 | D:10     | Noticed a two-headed ogre
 16258 | D:10     | Killed a two-headed ogre
 16683 | D:10     | Found an ancient bone altar of Kikubaaqudgha.
 16937 | D:10     | Reached XP level 11. HP: 30/60 MP: 16/16
 17389 | D:10     | Identified the cursed +0 robe "Sibylline Fetters"
                  | {Archmagi, Alch, Self} (You took it off a wight on level 8
                  | of the Dungeon)
 17422 | D:10     | Killed a two-headed ogre
 17838 | D:11     | Found a staircase to the Lair.
 17893 | D:11     | Found a frozen archway.
 17931 | IceCv    | Entered an ice cave
 18124 | IceCv    | Slain by an ice devil

Illustrated notes

Levels and vault maps discovered:
D:1:      matt_arrival_refuge, layout_rooms, serial_shops,
          nicolae_shop_bloodbath_and_beyond,
          shapermc_ecumenical_altar_mp_vishouse, grunt_decor_one_mirror
D:2:      layout_basic, serial_shops, nicolae_shop_statue_plus, shop_scrolls,
          shop
D:3:      layout_basic
D:4:      layout_loops_ring, st_stairs_8
D:5:      layout_cave_pods, lemuel_crystal_altar, kennysheep_orc_sif_temple,
          temple_doors_cd, serial_shops, kennysheep_mini,
          gup_ossuary_entry_pyramid, minmay_misc_feat_four_crosses
D:6:      layout_loops_ring, mainiacjoe_overflow_alcove_4,
          chequers_serial_rivers_micro_b, minmay_quadrilaterals
D:7:      layout_rooms, uniq_joseph, uniq_pikel, uniq_maggie
D:8:      layout_loops_cross, grunt_temple_overflow_forces_of_nature,
          grunt_gozag_breadcrumbs, hellmonk_ghost_happy_afterlife, serial_shops,
          nicolae_shop_crystal, enter_bailey_8
D:9:      layout_loops_ring, nicolae_overflow_crystal_walls,
          mainiacjoe_overflow_big_doors, erik_orc_4, serial_shops,
          nicolae_square_shop
D:10:     layout_layer_cave, lemuel_crystal_altar, minivault_19, glass_columns_b
D:11:     layout_long_grid, lair_entry_dummy, gammafunk_ghost_grave,
          portal_ice_cave_rime, minmay_fractal_squares_gapless_5
Temple:   chequers_temple_sunken
IceCv:    ice_cave_tombish

Skill      XL: |  1  2  3  4  5  6  7  8  9 10 11 |
---------------+----------------------------------+-----
Fighting       | 1 5 8 9 |  9.3
Dodging        | 3 4 5 7 9 10 | 10.0
Transmutations | 3 4 7 |  7.2
Unarmed Combat | 3 4 5 6 8 |  8.7
Poison Magic   | 1 |  1.0
Ice Magic      | 3 4 |  4.0
Stealth        | 2 |  2.0
Spellcasting   | |  2.6

Action                   |  1- 3 |  4- 6 |  7- 9 | 10-12 || total
-------------------------+-------+-------+-------+-------++-------
Melee: Unarmed           |   142 |   238 |   280 |   237 ||   897
       Kick              |    31 |    14 |    12 |     1 ||    58
       Headbutt          |    16 |     5 |     5 |       ||    26
       Punch             |     3 |     1 |     1 |     2 ||     7
       Dagger            |       |       |       |    22 ||    22
Throw: Dart              |       |       |    11 |     8 ||    19
 Cast: Beastly Appendage |    40 |    17 |    22 |     4 ||    83
       Spider Form       |     1 |    25 |    33 |    12 ||    71
       Wereblood         |       |     3 |     4 |     4 ||    11
       Ice Form          |       |       |     1 |     6 ||     7
Invok: Curse Item        |       |       |     1 |     3 ||     4
       Shatter the Chain |       |       |       |     2 ||     2
 Abil: End Transformatio |       |     2 |     4 |     5 ||    11
Evoke: Wand              |       |     4 |       |     1 ||     5
  Use: Scroll            |     1 |    10 |     4 |     1 ||    16
       Potion            |       |     3 |     6 |     3 ||    12
 Stab: Sleeping          |       |     2 |       |       ||     2
Armor: Robe              |    13 |     2 |     1 |     2 ||    18
       Skin              |     1 |    13 |    16 |    25 ||    55
Dodge: Dodged            |   123 |   165 |   322 |   209 ||   819

Table legend: (Time is in decaauts)
 A = Elapsed time spent in this place.
 B = Non-inter-level travel time spent in this place.
 C = Inter-level travel time spent in this place.
 D = Time resting spent in this place.
 E = Time spent auto-exploring this place.
 F = Levels seen in this place.
 G = Mean time per level.
                   A        B        C        D        E       F      G
               +--------+--------+--------+--------+--------+-----+--------+
         Total |  15072 |  14828 |    244 |   3119 |   8460 |  14 | 1076.6 |
       Dungeon |  13726 |  13482 |    244 |   2707 |   7996 |  11 | 1247.8 |
        Temple |    347 |    347 |      0 |      0 |    286 |   1 |  347.0 |
       Ossuary |    813 |    813 |      0 |    412 |     46 |   1 |  813.0 |
      Ice Cave |    184 |    184 |      0 |      0 |    131 |   1 |  184.0 |
               +--------+--------+--------+--------+--------+-----+--------+

Top non-repeatable levels by time:
     D:6: 2707 daAuts
     D:5: 2214 daAuts
    D:10: 1867 daAuts
     D:1: 1400 daAuts
     D:3: 1261 daAuts
     D:4: 1147 daAuts
     D:8: 1135 daAuts
 Ossuary: 813 daAuts
     D:2: 717 daAuts
     D:9: 621 daAuts
     D:7: 454 daAuts
  Temple: 347 daAuts
    D:11: 198 daAuts
   IceCv: 184 daAuts
